cohdb
Replays
Latest Replays
All Replays
Popular Replays
Top Player Replays
Match Explorer
How It Works
Community
CoH3 Stats
Reddit
Sign in to upload your games and track your stats! →
Sign in with Steam
Match 40395909
Unlisted
Match 40395909
Overview
Messages
Build Orders
End
Kettenkrad Recon Vehicle
Construct Infanterie Kompanie
Selects Terror Battlegroup
Selects Machine Gun Camouflage
MG 42 Machine Gun Team
Grenadier Squad
Grenadier Squad
GrW 34 Mortar Team
Construct Luftwaffe Kompanie
MG 42 Machine Gun Team
Selects Contempt for the Weak
Pioneer Squad
221 Scout Car
Jäger Squad
Medical Station
Support Elements
Jäger Squad
Wirbelwind Flakpanzer
Jäger Squad
Marder III M Tank Destroyer
Selects Propaganda Leaflet Drop
Selects V1 Rocket Strike
Jäger Squad
AI Takeover
[BWR] NIKOLAI GOGOL
Bootyquake
0
0
Comments
sign in to comment!
No comments posted yet!